 Dungeon Crawl Stone Soup version 0.28-b1-25-g9875b3fc8c (webtiles) character file.

Game seed: 11227350230698685401

203 tizbic2 the Chiller (level 5, -2/38 HPs)
             Began as a Barachi Ice Elementalist on Feb 2, 2022.
             Was an Initiate of Yredelemnul.
             Succumbed to Edmund's poison
             ... on level 3 of the Dungeon.
             The game lasted 00:21:06 (3959 turns).

tizbic2 the Chiller (Barachi Ice Elementalist)      Turns: 3959, Time: 00:21:10

Health: -2/38      AC: 11    Str: 11    XL:     5   Next: 81%
Magic:  9/9        EV:  9    Int: 15    God:    Yredelemnul [......]
Gold:   94         SH:  0    Dex: 13    Spells: 8/9 levels left

rFire   . . .      SeeInvis .   c - +2 quarterstaff (chaos)
rCold   . . .      Faith    .   (shield currently unavailable)
rNeg    . . .      Spirit   .   u - +2 scale mail {Will+}
rPois   .          Reflect  .   (no helmet)
rElec   .          Harm     .   m - +2 cloak
rCorr   .          Rampage  .   (no gloves)
Will    +....                   (no boots)
Stlth   ..........              (no amulet)
HPRegen 0.12/turn               (no ring)
MPRegen 0.11/turn               (no ring)

@: lethally poisoned (-2 -> -21), slow
A: amphibious, slowness 1, strong legs 1, +LOS
a: Hop, Renounce Religion, Recall Undead Harvest


You were on level 3 of the Dungeon.
You worshipped Yredelemnul.
Yredelemnul was noncommittal.
You visited 1 branch of the dungeon, and saw 4 of its levels.

You collected 94 gold pieces.

Inventory:

Hand Weapons
 c - a +2 quarterstaff of chaos (weapon)
Missiles
 a - 5 poisoned darts
 b - 75 stones (quivered)
 h - 5 atropa-tipped darts
Armour
 m - a +2 cloak (worn)
 u - a +2 scale mail of willpower (worn)
Wands
 o - a wand of polymorph (5)
Scrolls
 g - a scroll of brand weapon {unknown}
 l - 2 scrolls of identify {unknown}
 q - a scroll of enchant armour {unknown}
 r - a scroll of fear {unknown}
Potions
 d - a potion of attraction {unknown}
 e - a potion of curing {unknown}
 f - a potion of might {unknown}
 i - a potion of mutation {unknown}
 j - a potion of ambrosia {unknown}
 k - a potion of lignification {unknown}
 n - a potion of cancellation {unknown}
 p - a potion of resistance {unknown}
 s - 2 potions of heal wounds {unknown}
 t - a potion of haste {unknown}


   Skills:
 + Level 2.0 Fighting
 - Level 0.5 Short Blades
 - Level 0.2(0.8) Maces & Flails
 + Level 1.2 Staves
 + Level 2.9 Dodging
 - Level 1.7 Stealth
 * Level 2.7 Unarmed Combat
 + Level 2.8 Spellcasting
 + Level 5.6 Ice Magic
 + Level 1.1 Invocations


You had 8 spell levels left.
You knew the following spells:

 Your Spells              Type           Power      Damage    Failure   Level
a - Freeze                Ice            76%        1d9       13%         1

Your spell library contained the following spells:

 Spells                   Type           Power      Damage    Failure   Level
 Frozen Ramparts          Ice            38%        1d5       36%         3
 Ozocubu's Armour         Ice            19%        N/A       36%         3
 Corpse Rot               Necr/Air       4%         N/A       89%         2
 Poisonous Vapours        Pois/Air       4%         N/A       89%         2
 Confusing Touch          Hex            2%         N/A       98%         3
 Hailstorm                Conj/Ice       10%        3d5       99%         4
 Yara's Violent Unravell  Hex/Tmut       1%         3d3       100%        5
 Enfeeble                 Hex            1%         N/A       100%        7


Dungeon Overview and Level Annotations

Branches:
Dungeon (4/15)
 Temple: D:4-7

Altars:
Makhleb
Yredelemnul

Shops:
D:4 [

Annotations:
D:3 Edmund
D:4 Blork the orc, Menkaure


Innate Abilities, Weirdness & Mutations

You are amphibious.
You cover ground slowly.
You can hop short distances.
You have an extended range of vision and can be seen from far away.


Message History

You are ready to hop once more.
You start resting.
Magic restored.
You start resting.
HP restored.
You climb downwards.
The wyvern zombie bites you!
The wyvern zombie bites you but does no damage.
There is a stone staircase leading up here.
You sock the wyvern zombie!
The wyvern zombie convulses.
You destroy the wyvern zombie!
Your Fighting skill increases to level 2!
Your Staves skill increases to level 1!
Your Invocations skill increases to level 1!
You open the door.
Menkaure and Edmund come into view.
Edmund is wielding a +2 dire flail of venom and wearing a +1 scale mail of cold resistance.
Menkaure shouts!
Edmund shouts!
Edmund says, "I might not be good at magic, but I can still kill you!"
Press: ? - help, v - describe, . - travel
Here: Edmund, wielding a +2 dire flail of venom and wearing a +1 scale mail of cold resistance An open door.
Edmund hits you with a +2 dire flail of venom!
Blork the orc comes into view.
He is wielding a +0 vorpal scimitar.
Edmund hits you but does no damage.
You are poisoned.
Menkaure mumbles some strange words.
Menkaure seems to speed up.
You feel very sick.
Blork the orc casts a spell.
Blork the orc seems to speed up.
You feel sick.
You feel sick.
There is a stone staircase leading up here.
You feel sick.
Edmund hits you with a +2 dire flail of venom.
* * * LOW HITPOINT WARNING * * *
You are more poisoned.
You climb upwards.
You die...
Your body rises from the dead as a mindless zombie.

#.#####.### #Z#
##Z### ..# #.# #Z#
#.# ### #.# #Z# #Z#
#.# ######Z# #.# #.#
#...ZZZ# #Z#
#######.# #.######
#.# ........# #.#
#Z# #######.# #@#
#.# # #.# #@# #####
#.# # #.#
#.#####...# #.# #
#.########.........#
#.# #
#..................#
#.#
###############...##
#.## ##..# #..# #..#
##.# #..# #.# #..#
#.#


You could see Edmund.

Vanquished Creatures
  A wyvern zombie (D:4)
  Crazy Yiuf (D:2)
  Jessica (D:3)
  An adder (D:3)
  An adder skeleton (D:4)
  6 orcs
  3 bats
  9 endoplasms
  A giant cockroach (D:3)
  6 goblins
  4 hobgoblins
  3 jackals (D:2)
  8 kobolds
  4 quokkas
  4 ball pythons (D:1)
  6 frilled lizards
  2 rats (D:1)
61 creatures vanquished.

Vanquished Creatures (collateral kills)
  A bat (D:2)
  A goblin (D:2)
  A hobgoblin (D:2)
  A jackal (D:2)
  3 rats
7 creatures vanquished.

Vanquished Creatures (others)
  A giant cockroach zombie (D:3)
  A goblin zombie (D:2)
  A human zombie (D:3)
  A jackal zombie (D:2)
  A kobold zombie (D:2)
  An orc zombie (D:3)
  A quokka zombie (D:2)
  A rat zombie (D:2)
  2 spectral endoplasms
  4 fungi (D:1)
  A plant (D:1)
15 creatures vanquished.

Grand Total: 83 creatures vanquished

Notes
Turn   | Place    | Note
-------+----------+-------------------------------------------
     0 | D:1      | tizbic2 the Barachi Ice Elementalist began the quest for
                  | the Orb.
     0 | D:1      | Reached XP level 1. HP: 13/13 MP: 3/3
   543 | D:1      | Reached XP level 2. HP: 18/20 MP: 3/5
   663 | D:1      | Reached skill level 5 in Ice Magic
   775 | D:1      | Reached skill level 1 in Fighting
  1134 | D:1      | Reached skill level 1 in Unarmed Combat
  1312 | D:1      | Reached XP level 3. HP: 25/26 MP: 4/6
  1324 | D:1      | Found a faded altar of an unknown god.
  1341 | D:1      | Prayed at the altar of an unknown god.
  1341 | D:1      | Became a worshipper of Yredelemnul the Dark
  1341 | D:1      | Reached * piety under Yredelemnul
  1832 | D:2      | Found a runed translucent door.
  1833 | D:2      | Noticed Crazy Yiuf
  1845 | D:2      | Killed Crazy Yiuf
  1906 | D:2      | Reached XP level 4. HP: 31/32 MP: 7/7
  2331 | D:2      | Reached ** piety under Yredelemnul
  2612 | D:3      | Noticed Jessica
  2631 | D:3      | Killed Jessica
  2632 | D:3      | Reached XP level 5. HP: 9/38 MP: 3/8
  2891 | D:3      | Your ally Jessica died
  3215 | D:3      | Found a burning altar of Makhleb.
  3487 | D:4      | Noticed a black bear
  3630 | D:4      | Found Rikkiugu's Antique Armour Emporium.
  3948 | D:4      | Reached skill level 1 in Staves
  3948 | D:4      | Reached skill level 1 in Invocations
  3953 | D:4      | Noticed Menkaure
  3953 | D:4      | Noticed Edmund
  3954 | D:4      | Noticed Blork the orc
  3959 | D:3      | Succumbed to Edmund's poison

Illustrated notes

Levels and vault maps discovered:
D:1:      evilmike_arrival_rings, layout_loops_ring,
          shapermc_ecumenical_altar_ellora, minmay_misc_feat_more_columns,
          minivault_25, hex_medium, chequers_serial_rivers_large_b,
          minmay_misc_feat_nine_boxes
D:2:      layout_basic, uniq_crazy_yiuf_cottage
D:3:      layout_loops_ring, lemuel_crystal_altar, uniq_jessica
D:4:      old_forge, layout_gridville, temple_fountains, serial_shops,
          nicolae_shop_stone, eino_tiny_chamber, uniq_menkaure,
          uniq_blork_the_orc, uniq_edmund

Skill      XL: |  1  2  3  4  5 |
---------------+----------------+-----
Ice Magic      | 5 |  5.6
Fighting       | 1 2 |  2.0
Unarmed Combat | 1 2 |  2.7
Staves         | 1 |  1.2
Invocations    | 1 |  1.1
Short Blades   | |  0.5
Maces & Flails | |  0.2
Dodging        | |  2.9
Stealth        | |  1.7
Spellcasting   | |  2.8

Action                   |  1- 3 |  4- 6 || total
-------------------------+-------+-------++-------
Melee: Club              |    52 |       ||    52
       Unarmed           |     5 |     4 ||     9
       Punch             |     2 |       ||     2
       Dagger            |     1 |       ||     1
       Quarterstaff      |       |    56 ||    56
Throw: Stone             |    35 |     4 ||    39
 Cast: Freeze            |    26 |    15 ||    41
Invok: Dark Bargain      |       |     1 ||     1
 Abil: Hop               |     2 |     1 ||     3
 Stab: Sleeping          |     1 |       ||     1
Armor: Robe              |    18 |     7 ||    25
       Scale mail        |       |    16 ||    16
Dodge: Dodged            |    62 |    53 ||   115
